 Dungeon Crawl Stone Soup version 0.18-a0-1639-g7533f42 (webtiles) character file.

19 Ebgish the Ducker (level 2, -2/11 HPs)
             Began as a Felid Ice Elementalist on Mar 27, 2016.
             Killed from afar by a dart slug (5 damage)
             ... with a slug dart
             ... on level 1 of the Dungeon.
             The game lasted 00:04:07 (365 turns).

Ebgish the Ducker (Felid Ice Elementalist)           Turns: 365, Time: 00:04:08

Health: -2/11      AC:  1    Str:  4    XL:     2   Next: 55%
Magic:  4/6        EV: 18    Int: 16    God:
Gold:   58         SH:  0    Dex: 16    Spells: 1 memorised, 4 levels left
                                        Lives:  0   Deaths: 0

rFire  . . .     SeeInvis +     (weapon unavailable)
rCold  . . .     Gourm    .     (armour unavailable)
rNeg   . . .     Faith    .     (shield unavailable)
rPois  .         Spirit   .     (helmet unavailable)
rElec  .         Dismiss  .     (cloak unavailable)
rCorr  .         Reflect  .     (gloves unavailable)
SustAt .         Harm     .     (boots unavailable)
MR     .....                    (no amulet)
Stlth  +++.......               (no ring)
                                (no ring)

@: quick, not resistant to hostile enchantments, fairly stealthy
A: no armour, no weapons or thrown items, claws 1, fangs 3, see invisible,
carnivore 3, speed 1, shaggy fur 1, slow metabolism 1, sharp paws
a: no special abilities


You were on level 1 of the Dungeon.
You were very full.

You visited 1 branch of the dungeon, and saw 1 of its levels.

You collected 58 gold pieces.

Inventory:

Jewellery
 d - an uncursed ring of protection from magic {unknown}
Books
 a - a book of Frost

   Spells                             Type                      Level
   a - Freeze                         Ice                          1
   b - Throw Frost                    Conjuration/Ice              2
   c - Ozocubu's Armour               Charms/Ice                   3
   d - Throw Icicle                   Conjuration/Ice              4
   e - Summon Ice Beast               Ice/Summoning                4
Comestibles
 b - a meat ration
 c - a chunk of flesh


   Skills:
 * Level 3.4 Dodging
 * Level 3.1 Stealth
 * Level 0.6 Unarmed Combat
 + Level 2.1 Spellcasting
   Level 0.8 Conjurations
 + Level 2.8 Ice Magic


You had 4 spell levels left.
You knew the following spells:

 Your Spells              Type           Power        Failure   Level  Hunger
f - Freeze                Ice            ##..         10%         1    #......


Dungeon Overview and Level Annotations

Branches:
Dungeon (1/15)

Altars:


Innate Abilities, Weirdness & Mutations

You cannot wear armour.
You are incapable of wielding weapons or throwing items.
You have sharp claws.
You have razor-sharp teeth.
You have supernaturally acute eyesight.
You are carnivorous and can eat meat at any time.
You cover ground quickly.
You are covered in fur (AC +1).
You have a slow metabolism.
Your sharp claws are effective at attacking unaware monsters.


Message History

Confirm with . or Enter, or press ? or * to list all spells.
Aiming: Freeze
Press: ? - help, Shift-Dir - straight line, f - dart slug
Aim: a dart slug You freeze the dart slug.
The dart slug is lightly wounded.
The bat hits you.
* * * LOW HITPOINT WARNING * * *
The dart slug misses you.
Casting: Freeze
Confirm with . or Enter, or press ? or * to list all spells.
Aiming: Freeze
Press: ? - help, Shift-Dir - straight line, f/p - dart slug
Aim: a dart slug (lightly wounded)
You freeze the dart slug.
The dart slug is severely wounded.
The bat misses you. The bat closely misses you.
The dart slug launches a dart at you. The slug dart hits you!
You die...

#.........# #.........##
#...........
#..........#
#..........#
#........###
#######†.b.w......
###.........@....#
##....##..#..........#
###..####...#..........#
#...###...#.....?.......
...#..........#.........
..........##...........#
.......................#
...........#.....#####.#
..................


You could see a dart slug and a bat.

Vanquished Creatures
  A dart slug (D:1)
  A giant gecko (D:1)
  A bat (D:1)
  A giant cockroach (D:1)
  A goblin (D:1)
  2 hobgoblins (D:1)
  4 jackals (D:1)
  A kobold (D:1)
  2 rats (D:1)
14 creatures vanquished.

Notes
Turn   | Place    | Note
--------------------------------------------------------------
     0 | D:1      | Ebgish the Felid Ice Elementalist began the quest for the Orb.
     0 | D:1      | Reached XP level 1. HP: 7/7 MP: 4/4
     2 | D:1      | Noticed a demigod
     4 | D:1      | Noticed a dwarf
     6 | D:1      | Noticed a demonspawn
     6 | D:1      | Noticed a felid
     8 | D:1      | Noticed an ogre
    10 | D:1      | Noticed a spriggan
    10 | D:1      | Noticed a ghoul
    12 | D:1      | Noticed a merfolk
    14 | D:1      | Noticed a minotaur
    14 | D:1      | Noticed an octopode
    16 | D:1      | Noticed a vampire
    16 | D:1      | Noticed a halfling
    18 | D:1      | Noticed a troll
    18 | D:1      | Noticed a tengu
    20 | D:1      | Noticed a vine stalker
    20 | D:1      | Noticed an elf
    22 | D:1      | Noticed a formicid
    22 | D:1      | Noticed a gargoyle
    24 | D:1      | Noticed a naga
    24 | D:1      | Noticed a centaur
    26 | D:1      | Noticed a draconian
    26 | D:1      | Noticed a human
   188 | D:1      | Reached XP level 2. HP: 11/11 MP: 6/6
   365 | D:1      | Killed from afar by a dart slug

Vault maps used:
D:1:      kb_arrival_jail, grunt_decor_cap, st_stairs_4

Skill      XL: |  1 |
---------------+----+-----
Stealth        | 3 |  3.1
Dodging        | 3 |  3.4
Unarmed Combat | |  0.6
Spellcasting   | |  2.1
Conjurations   | |  0.8
Ice Magic      | |  2.8

Action                   || total
-------------------------++-------
Melee: Unarmed           ||    27
 Cast: Freeze            ||    18
  Use: Scroll            ||     1
       Potion            ||     1
 Stab: Sleeping          ||     2
  Eat: Chunk             ||     6
